 Dungeon Crawl Stone Soup version 0.32-a0-900-g30fb1b0edc (webtiles) character file.

Game seed: 2772781447889769476

4001 Fractals the Fighter (level 10, -2/68 HPs)
             Began as a Kobold Brigand on Apr 5, 2024.
             Was an Initiate of Gozag.
             Slain by a troll (8 damage)
             ... on level 7 of the Dungeon.
             The game lasted 00:28:13 (7355 turns).

Fractals the Fighter (Kobold Brigand)               Turns: 7355, Time: 00:28:14

Health: -2/68      AC: 12    Str: 12    XL:     10   Next: 46%
Magic:  10/10      EV: 16    Int: 13    God:    Gozag
Gold:   1155       SH:  0    Dex: 26    Spells: 9/9 levels left

rFire   + . .        u - +2 short sword (venom)
rCold   . . .        (no shield)
rNeg    . . .        j - +1 ring mail {rF+}
rPois   .            i - +0 helmet
rElec   +            c - +0 cloak
rCorr   +            b - +1 pair of gloves of Wrong Decisions {rElec Dex+3}
SInv    .            (no boots)
Will    .....        p - amulet of regeneration
Stlth   +++++        h - +6 ring of dexterity
HPRegen 1.11/turn    f - ring of resist corrosion
MPRegen 0.12/turn

%: no passive effects
@: hasted, very quick
A: small, no large weapons, nightstalker 3
a: Renounce Religion, Potion Petition, Call Merchant, Bribe Branch


You were on level 7 of the Dungeon.
You worshipped Gozag.
Gozag was most pleased with you.
You visited 1 branch of the dungeon, and saw 7 of its levels.

You collected 1177 gold pieces.
You paid 22 gold pieces to Gozag.

Inventory:

Hand Weapons
 o - a +4 short sword
 u - a +2 short sword of venom (weapon)
 y - a +2 rapier of freezing
 A - a +3 flail of holy wrath
Missiles
 a - a curare-tipped dart
 d - 2 throwing nets
 w - 20 poisoned darts (quivered)
Armour
 b - the +1 pair of gloves of Wrong Decisions (worn) {rElec Dex+3}
   (You found it on level 2 of the Dungeon)

   Dex+3:     It affects your dexterity (+3).
   rElec:     It insulates you from electricity.
 c - a +0 cloak (worn)
 i - a +0 helmet (worn)
 j - a +1 ring mail of fire resistance (worn)
Jewellery
 f - a ring of resist corrosion (right hand)
 h - a +6 ring of dexterity (left hand)
 p - an amulet of regeneration (around neck)
Wands
 e - a wand of flame (23)
Scrolls
 g - 2 scrolls of identify
 k - a scroll of amnesia
 l - a scroll of poison {unknown}
 m - a scroll of enchant armour {unknown}
 n - 2 scrolls of teleportation
 q - a scroll of torment {unknown}
 t - a scroll of revelation {unknown}
 z - a scroll of noise {unknown}
 B - a scroll of vulnerability
 C - a scroll of fear {unknown}
 E - a scroll of silence {unknown}
 F - a scroll of fog {unknown}
Potions
 s - a potion of lignification {unknown}
 v - 2 potions of brilliance
 x - a potion of heal wounds {unknown}
 D - a potion of might {unknown}


   Skills:
 + Level 10.2 Fighting
 - Level 6.0 Short Blades
 - Level 2.1 Throwing
 - Level 7.5 Armour
 - Level 5.0 Dodging
 + Level 7.2 Stealth


You had 9 spell levels left.
You didn't know any spells.
Your spell library contained the following spells:

 Spells                   Type           Power      Damage    Failure   Level
 Apportation              Tloc           0%         N/A       52%         1
 Necrotise                Necr           0%         1d4       52%         1
 Sandblast                Erth           0%         2d4       52%         1
 Sting                    Conj/Alch      0%         1d3       52%         1
 Summon Small Mammal      Summ           0%         N/A       52%         1
 Lesser Beckoning         Tloc           0%         N/A       67%         2
 Maxwell's Portable Pile  Tloc           0%         2d(5-13)  88%         3
 Stone Arrow              Conj/Erth      0%         3d7       88%         3
 Teleport Other           Tloc           0%         N/A       88%         3
 Brom's Barrelling Bould  Conj/Erth      0%         2d3       99%         4


Dungeon Overview and Level Annotations

Branches:
Dungeon (7/15)             Temple (0/1) D:4

Altars:
Dithmenos
Gozag
Kikubaaqudgha
Okawaru
Qazlal
Trog
Xom
Yredelemnul
Zin
The Shining One

Annotations:
D:7 1 runed translucent door, avangion's ghost, novice CoHu


Innate Abilities, Weirdness & Mutations

You are small and have problems with some larger weapons.
You are completely attuned to the shadows.


Message History

You hit the troll.
The troll looks as sick as possible!
The troll is severely wounded.
The troll bites you. The troll misses you.
The troll claws you but does no damage.
You barely miss the troll.
The troll is severely wounded.
The troll closely misses you. x2; The troll barely misses you.
You barely miss the troll.
The troll is severely wounded.
You hit the troll but do no damage.
The troll looks as sick as possible!
The troll is severely wounded.
The troll completely misses you. The troll claws you. The troll misses you.
You hit the troll but do no damage.
The troll is almost dead.
The troll bites you! The troll claws you. x2
You hit the troll.
The troll looks as sick as possible!
The troll is almost dead.
The troll barely misses you. The troll claws you but does no damage.
The troll misses you.
You closely miss the troll.
The troll is almost dead.
You barely miss the troll.
The troll is almost dead.
The troll bites you.
* * * LOW HITPOINT WARNING * * *
The troll closely misses you. The troll claws you.
* * * LOW HITPOINT WARNING * * *
You hit the troll.
The troll is almost dead.
The troll closely misses you. The troll misses you.
The troll claws you but does no damage.
Unknown command.
You barely miss the troll.
The troll is almost dead.
It was a potion of haste.
You feel yourself speed up. The troll closely misses you. The troll claws you!
* * * LOW HITPOINT WARNING * * *
The troll claws you!
You die...
Your body crumbles into a pile of gold.

.........##........##.##..##...##
........##..........##.#........#
.......## ...........##.....###..
......## ............##..### ##.
...#.## ............##.# ##
..#### ............### # ..#
............### # ..##
#..#.......#.##### # ...###
#@.......#.....# # .....#
#T.......#.###+### ...#.#
$#...... #.#..#... ..####
........ #.#..#... ..# ... ....
#.'..+### ..# ###..#[+. ..######
####..#.#. ..#....# #..'##+.#.
.~~.~~.# ####.##..#.#.


You could see a troll (extremely poisoned).

Vanquished Creatures
  A cyclops (D:7)
  Eustachio (D:5)
  6 yaks (D:5)
  A vampire mosquito (D:7)
  Edmund (D:5)
  An ice beast (D:6)
  2 sky beasts (D:7)
  A black bear (D:4)
  2 ogres
  2 phantoms
  3 kobold brigands (D:6)
  2 bullfrogs
  4 scorpions
  3 wights
  A howler monkey (D:6)
  A bombardier beetle (D:7)
  2 jellies
  4 hounds
  2 orc priests
  An iguana (D:6)
  2 sleepcaps
  Jessica (D:3)
  3 gnoll boudas
  4 orc wizards
  Terence (D:3)
  Robin (D:3)
  13 gnolls
  9 adders
  A shadow imp (D:6)
  A white imp (D:6)
  A ribbon worm (D:3)
  34 orcs
  3 ball pythons
  8 endoplasms
  4 giant cockroaches
  15 goblins
  9 hobgoblins
  7 jackals
  5 quokkas
  4 bats
  2 frilled lizards
  17 kobolds
  10 rats
196 creatures vanquished.

Notes
Turn   | Place    | Note
-------+----------+-------------------------------------------
     0 | D:1      | Fractals the Kobold Brigand began the quest for the Orb.
     0 | D:1      | Reached XP level 1. HP: 12/12 MP: 1/1
   159 | D:1      | Reached XP level 2. HP: 16/18 MP: 2/2
   220 | D:1      | Reached skill level 3 in Fighting
   440 | D:1      | Reached XP level 3. HP: 23/23 MP: 3/3
  1042 | D:2      | Identified the +1 pair of gloves of Wrong Decisions {rElec
                  | Dex+3}
  1280 | D:2      | Reached XP level 4. HP: 29/29 MP: 4/4
  1323 | D:2      | Reached skill level 4 in Fighting
  1620 | D:3      | Noticed Jessica
  1624 | D:3      | Killed Jessica
  1625 | D:3      | Reached skill level 1 in Armour
  1625 | D:3      | Found an iron altar of Okawaru.
  1726 | D:3      | Reached XP level 5. HP: 33/33 MP: 5/5
  2058 | D:3      | Found an opulent altar of Gozag.
  2081 | D:3      | Became a worshipper of Gozag Ym Sagoz the Greedy
  2276 | D:3      | Noticed Robin
  2279 | D:3      | Killed Robin
  2288 | D:3      | Reached XP level 6. HP: 36/38 MP: 6/6
  2347 | D:3      | Noticed Terence
  2380 | D:3      | Killed Terence
  2626 | D:4      | Noticed an ogre
  2639 | D:4      | Found an ancient bone altar of Kikubaaqudgha.
  2977 | D:4      | Found a staircase to the Ecumenical Temple.
  3186 | D:4      | Killed an ogre
  3187 | D:4      | Reached skill level 5 in Fighting
  3187 | D:4      | Reached XP level 7. HP: 30/44 MP: 7/7
  3508 | D:4      | Found a basalt altar of Yredelemnul.
  3566 | D:5      | Entered Level 5 of the Dungeon
  3579 | D:5      | Noticed Edmund
  3645 | D:5      | Noticed Eustachio
  3676 | D:5      | Noticed a yak
  3677 | D:5      | Noticed a yak
  3677 | D:5      | Noticed a yak
  3677 | D:5      | Noticed a yak
  3728 | D:5      | Killed Eustachio
  3729 | D:5      | Reached skill level 6 in Fighting
  3729 | D:5      | Reached XP level 8. HP: 51/51 MP: 8/8
  3822 | D:5      | Found a stormy altar of Qazlal.
  3849 | D:5      | Noticed a yak
  3898 | D:5      | Noticed a yak
  3916 | D:5      | Killed a yak
  3956 | D:5      | Killed a yak
  3957 | D:5      | Reached skill level 7 in Fighting
  3957 | D:5      | Reached skill level 5 in Armour
  3965 | D:5      | Killed a yak
  3979 | D:5      | Killed a yak
  3980 | D:5      | Reached skill level 5 in Short Blades
  3980 | D:5      | Reached XP level 9. HP: 53/57 MP: 9/9
  4007 | D:5      | Reached skill level 8 in Fighting
  4197 | D:5      | Killed Edmund
  4475 | D:5      | Reached skill level 9 in Fighting
  4897 | D:6      | Found a glowing silver altar of Zin.
  5221 | D:6      | Found a glowing golden altar of the Shining One.
  5647 | D:6      | Reached XP level 10. HP: 66/66 MP: 10/10
  5817 | D:7      | Found a bloodstained altar of Trog.
  6082 | D:7      | Noticed a cyclops
  6095 | D:7      | Killed a cyclops
  6096 | D:7      | Reached skill level 5 in Dodging
  6232 | D:7      | Found a runed translucent door.
  6242 | D:7      | Noticed avangion's ghost (novice CoHu)
  6313 | D:7      | Reached skill level 10 in Fighting
  6969 | D:7      | Found a shimmering altar of Xom.
  7085 | D:7      | Found a shadowy altar of Dithmenos.
  7355 | D:7      | Slain by a troll

Illustrated notes

Levels and vault maps discovered:
D:1:      lemuel_arrival_hallway, layout_basic
D:2:      layout_basic
D:3:      layout_basic, lemuel_crystal_altar, okawaru_gym_becter, uniq_robin,
          uniq_jessica, uniq_terence
D:4:      layout_rooms, mainiacjoe_overflow_alcove_1,
          nicolae_overflow_crystal_walls, minmay_temple_entry_drinking_statues
D:5:      layout_rooms, nicolae_qazlal_scattered_showers, uniq_eustachio,
          uniq_edmund
D:6:      minmay_evil_eye, layout_loops_ring,
          mainiacjoe_overflow_six_doors_small, mainiacjoe_overflow_paths
D:7:      kennysheep_big_flooded_room, layout_layer_cave, lemuel_round_altar,
          mainiacjoe_overflow_24_doors, kennysheep_mini_moat,
          ebering_ghost_inner_flame

Skill      XL: |  1  2  3  4  5  6  7  8  9 10 |
---------------+-------------------------------+-----
Short Blades   | 3 4 5 6 |  6.0
Fighting       | 3 4 5 6 7 9 10 | 10.2
Armour         | 1 2 3 4 5 6 7 |  7.5
Stealth        | 6 7 |  7.2
Dodging        | 2 3 4 5 |  5.0
Throwing       | |  2.1

Action                     |  1- 3 |  4- 6 |  7- 9 | 10-12 || total
---------------------------+-------+-------+-------+-------++-------
  Melee: Dagger            |    73 |    22 |       |       ||    95
         Short sword       |       |   131 |   310 |   106 ||   547
         Flail             |       |       |       |    12 ||    12
  Throw: Dart              |     4 |    21 |    17 |     1 ||    43
    Use: Scroll            |       |     2 |     3 |     1 ||     6
         Potion            |       |     1 |       |     1 ||     2
   Stab: Sleeping          |    14 |    17 |    11 |     4 ||    46
         Distracted        |     1 |     4 |     2 |       ||     7
 Armour: Robe              |    16 |       |       |       ||    16
         Leather armour    |     9 |    10 |       |       ||    19
         Ring mail         |       |    57 |   109 |    62 ||   228
  Dodge: Dodged            |    37 |    75 |   151 |    76 ||   339

Table legend: (Time is in decaauts)
 A = Elapsed time spent in this place.
 B = Non-inter-level travel time spent in this place.
 C = Inter-level travel time spent in this place.
 D = Time resting spent in this place.
 E = Time spent auto-exploring this place.
 F = Levels seen in this place.
 G = Mean time per level.
                   A        B        C        D        E       F      G
               +--------+--------+--------+--------+--------+-----+--------+
         Total |   7199 |   7004 |    195 |    670 |   3292 |   7 | 1028.4 |
       Dungeon |   7199 |   7004 |    195 |    670 |   3292 |   7 | 1028.4 |
               +--------+--------+--------+--------+--------+-----+--------+

Top non-repeatable levels by time:
     D:7: 1422 daAuts
     D:6: 1129 daAuts
     D:5: 1128 daAuts
     D:3: 1115 daAuts
     D:1: 991 daAuts
     D:4: 910 daAuts
     D:2: 502 daAuts
